 Dungeon Crawl Stone Soup version 0.26-a0-639-g72c4674329 (webtiles) character file.

Game seed: 1957128045065562144

95 PentaManta the Cutter (level 4, -9/30 HPs)
             Began as a Halfling Abyssal Knight on Sept 18, 2020.
             Was a Believer of Lugonu.
             Mangled by a worm (12 damage)
             ... on level 2 of the Dungeon.
             The game lasted 00:07:15 (2305 turns).

PentaManta the Cutter (Halfling Abyssal Knight)     Turns: 2305, Time: 00:07:16

Health: -9/30      AC:  1    Str: 14    XL:     4   Next: 95%
Magic:  5/5        EV: 15    Int: 10    God:    Lugonu [**....]
Gold:   194        SH:  0    Dex: 13    Spells: 3/3 levels left

rFire    . . .     SeeInvis +   a - +1 short sword
rCold    . . .     Faith    .   (shield restricted)
rNeg     + . .     Spirit   .   (no armour)
rPois    .         Reflect  .   (no helmet)
rElec    .         Harm     .   (no cloak)
rCorr    .         Rampage  .   (no gloves)
MR       .....                  j - +0 pair of boots (curse)
Stlth    +.........             (no amulet)
HPRegen  0.10/turn              f - ring of see invisible
MPRegen  0.09/turn              e - ring of positive energy

@: no status effects
A: small, mutation resistance 1
a: Depart the Abyss, Bend Space, Renounce Religion


You were on level 2 of the Dungeon.
You worshipped Lugonu.
Lugonu was pleased with you.
You visited 1 branch of the dungeon, and saw 2 of its levels.
You visited the Abyss 1 time.

You collected 194 gold pieces.

Inventory:

Hand Weapons
 a - a +1 short sword (weapon)
 g - a cursed +0 whip
 p - a +0 long sword
Missiles
 k - 19 poisoned darts (quivered)
 q - 15 arrows
Armour
 h - a +0 scale mail
 j - a cursed +0 pair of boots (worn)
Jewellery
 d - an uncursed ring of fire
 e - a ring of positive energy (right hand)
 f - a ring of see invisible (left hand)
Scrolls
 b - a scroll of teleportation {unknown}
 i - 2 scrolls of identify {unknown}
 m - a scroll of amnesia {unknown}
 o - 2 scrolls of immolation {unknown}
Potions
 c - a potion of invisibility {unknown}
 r - 2 potions of flight {unknown}


   Skills:
 - Level 2.6 Fighting
 * Level 4.4 Short Blades
 + Level 3.1 Armour
 + Level 2.4 Dodging
 - Level 2.0 Invocations


You had 3 spell levels left.
You didn't know any spells.
Your spell library was empty.

Dungeon Overview and Level Annotations

Branches:
Dungeon (2/15)

Altars:


Innate Abilities, Weirdness & Mutations

You are small and have problems with some larger weapons.
You are somewhat resistant to further mutation.


Message History

A worm is nearby!
A worm is nearby!
A worm is nearby!
A worm is nearby!
A worm is nearby!
The worm bites you.
Number of times to repeat, then command key: You must enter the number of times for the command to repeat.
The worm bites you. The worm bites you. The worm bites you!
The worm completely misses you. The worm closely misses you.
The worm barely misses you. The worm bites you!
* * * LOW HITPOINT WARNING * * *
The worm bites you.
* * * LOW HITPOINT WARNING * * *
The worm bites you!
You die...

# ########## #
#........# ######
#........# #....#
#.....[..# .....#
#........# .....#
#........# .....#
#####.......# .....#
#........w..#
#.##.####.......@)..####
................>......#
.......##...........##.#
.......#.........#####.#
(......#.........# #.#
.......#.........# #.#
######.##[.......# #.#
..## #.##........# #.#
...# #.##........# #.#


You could see a worm.

Vanquished Creatures
  3 adders (D:2)
  2 oozes (D:1)
  A leopard gecko (D:1)
  7 bats
  A giant cockroach (D:1)
  10 goblins
  12 hobgoblins
  4 jackals (D:2)
  3 frilled lizards
  5 kobolds
  3 rats (D:2)
51 creatures vanquished.

Notes
Turn   | Place    | Note
-------+----------+-------------------------------------------
     0 | Abyss:1  | PentaManta the Halfling Abyssal Knight began the quest for
                  | the Orb.
     0 | Abyss:1  | Reached XP level 1. HP: 15/15 MP: 2/2
    49 | D:1      | Escaped the Abyss
   182 | D:1      | Reached XP level 2. HP: 14/20 MP: 3/3
   197 | D:1      | Reached skill level 3 in Short Blades
   561 | D:1      | Reached XP level 3. HP: 25/25 MP: 4/4
  1420 | D:2      | Reached ** piety under Lugonu
  1456 | D:2      | Reached XP level 4. HP: 30/30 MP: 5/5
  1615 | D:2      | Reached skill level 4 in Short Blades
  2305 | D:2      | Mangled by a worm

Illustrated notes

Levels and vault maps discovered:
D:1:      denvon_arrival_planthouse, layout_loops_ring
D:2:      cheibrodos_greedy_goblins, layout_basic, nicolae_underground_beach

Skill      XL: |  1  2  3  4 |
---------------+-------------+-----
Short Blades   | 3 4 |  4.4
Dodging        | 2 |  2.4
Armour         | 3 |  3.1
Fighting       | |  2.6
Invocations    | |  2.0

Action                   |  1- 3 |  4- 6 || total
-------------------------+-------+-------++-------
Melee: Short sword       |   136 |    82 ||   218
Throw: Dart              |     2 |       ||     2
Armor: Leather armour    |    21 |       ||    21
       Ring mail         |    12 |    30 ||    42
Dodge: Dodged            |    96 |    62 ||   158

Table legend: (Time is in decaauts)
 A = Elapsed time spent in this place.
 B = Non-inter-level travel time spent in this place.
 C = Inter-level travel time spent in this place.
 D = Time resting spent in this place.
 E = Time spent auto-exploring this place.
 F = Levels seen in this place.
 G = Mean time per level.
                   A        B        C        D        E       F      G
               +--------+--------+--------+--------+--------+-----+--------+
         Total |   2286 |   2217 |     69 |      0 |   1520 |   3 |  762.0 |
       Dungeon |   2237 |   2168 |     69 |      0 |   1520 |   2 | 1118.5 |
         Abyss |     49 |     49 |      0 |      0 |      0 |   1 |   49.0 |
               +--------+--------+--------+--------+--------+-----+--------+

Top non-repeatable levels by time:
     D:1: 1201 daAuts
     D:2: 1035 daAuts
 Abyss:1: 49 daAuts
